 Dungeon Crawl Stone Soup version 0.29-a0-1043-g569b05d6ff (webtiles) character file.

Game seed: 17591265129156629606

252 porpoise the Changer (level 5, 0/46 HPs)
             Began as a Draconian Transmuter on Aug 16, 2022.
             Slain by Dowan
             ... wielding a +2 dagger of distortion
              (4 damage)
             ... on level 4 of the Dungeon.
             The game lasted 00:13:29 (4254 turns).

porpoise the Changer (Draconian Transmuter)         Turns: 4254, Time: 00:13:30

Health: 0/46       AC:  6    Str: 12    XL:     5   Next: 89%
Magic:  6/8        EV: 12    Int: 13    God:
Gold:   64         SH:  5    Dex: 14    Spells: 5/8 levels left

rFire   . . .      SeeInvis .   a - +0 dagger (speed)
rCold   . . .      Faith    .   (no shield)
rNeg    . . .      Spirit   .   (body armour unavailable)
rPois   .          Reflect  +   (helmet currently unavailable)
rElec   .          Harm     .   (no cloak)
rCorr   .          Rampage  .   f - +0 pair of gloves
Will    .....                   (boots currently unavailable)
Stlth   +.........              m - amulet of reflection
HPRegen 0.15/turn               (no ring)
MPRegen 0.11/turn               (no ring)

@: lit by a corona, appendages, wereblooded, hasted, glowing, very quick
A: horns 2, talons 2, AC +5, unfitting armour, cold-blooded
a: End Transformation


You were on level 4 of the Dungeon.
You had temporarily grown beastly horns and talons.
You visited 1 branch of the dungeon, and saw 4 of its levels.

You collected 156 gold pieces.
You spent 92 gold pieces at shops.

Inventory:

Hand Weapons
 a - a +0 dagger of speed (weapon)
 b - a +0 sling
 w - a +0 trident
Missiles
 p - 3 boomerangs of dispersal
 s - 3 boomerangs (quivered)
Armour
 f - a +0 pair of gloves (worn)
Jewellery
 m - an amulet of reflection (around neck)
 r - a +4 ring of protection
Scrolls
 d - a scroll of teleportation {unknown}
 g - a scroll of amnesia
 h - a scroll of immolation {unknown}
 j - a scroll of noise {unknown}
Potions
 c - a potion of haste
 e - 3 potions of lignification
 n - a potion of magic
 o - a potion of attraction {unknown}
 q - a potion of mutation {unknown}


   Skills:
 + Level 4.2 Fighting
 - Level 2.0 Short Blades
 - Level 1.7 Dodging
 - Level 3.0 Unarmed Combat
 - Level 2.0 Spellcasting
 + Level 4.3 Transmutations


You had 5 spell levels left.
You knew the following spells:

 Your Spells              Type           Power      Damage    Failure   Level
a - Beastly Appendage     Tmut           24%        N/A       4%          1
w - Wereblood             Tmut           12%        N/A       6%          2

Your spell library contained the following spells:

 Spells                   Type           Power      Damage    Failure   Level
 Slow                     Hex            4%         N/A       26%         1
 Spider Form              Tmut/Pois      6%         N/A       30%         3
 Confusing Touch          Hex            1%         N/A       58%         3
 Vampiric Draining        Necr           1%         2d6       58%         3
 Ice Form                 Ice/Tmut       6%         N/A       71%         4


Dungeon Overview and Level Annotations

Branches:
Dungeon (4/15)
 Temple: D:4-7

Altars:
Cheibriados

Shops:
D:2 *

Annotations:
D:4 Dowan, Duvessa


Innate Abilities, Weirdness & Mutations

You have temporarily grown beastly horns and talons.
Your plain brown scales are hard. (AC +5)
You cannot fit into any form of body armour.
You are cold-blooded and may be slowed by cold attacks.


Message History

Duvessa is heavily wounded.
Dowan hits you with a +2 dagger of distortion.
You completely miss Duvessa. You claw Duvessa.
Your tail-slap misses Duvessa.
Duvessa is heavily wounded.
You block Duvessa's attack.
You hit Duvessa but do no damage. Your kick misses Duvessa.
Your headbutt misses Duvessa.
Your tail-slap misses Duvessa.
Duvessa is heavily wounded.
You howl as the wereblood boils in your veins!
You hit Duvessa. Your kick misses Duvessa. Your headbutt misses Duvessa.
Duvessa is heavily wounded.
Duvessa hits you but does no damage. You block Dowan's attack.
You hit Duvessa but do no damage. Your headbutt misses Duvessa.
Duvessa is heavily wounded.
You barely miss Duvessa. You claw Duvessa, but do no damage.
Duvessa is heavily wounded.
Duvessa hits you with a +0 rapier.
You hit Duvessa. Your kick misses Duvessa.
Duvessa is severely wounded.
Dowan completely misses you. Duvessa hits you with a +0 rapier.
You hit Duvessa but do no damage. Your kick misses Duvessa.
You headbutt Duvessa, but do no damage.
Duvessa is heavily wounded.
You closely miss Duvessa. Your headbutt misses Duvessa. You tail-slap Duvessa.
Duvessa is severely wounded.
Duvessa hits you with a +0 rapier.
* * * LOW HITPOINT WARNING * * *
Dowan gestures at you while chanting. The puff of flame misses you.
You feel better. Duvessa hits you with a +0 rapier!
* * * LOW HITPOINT WARNING * * *
You aren't carrying any items that you can evoke.
Unknown command.
Unknown command.
You hit Duvessa.
Duvessa is severely wounded.
Dowan hits you with a +2 dagger of distortion.
* * * LOW HITPOINT WARNING * * *
Space warps around you.
You die...

.###....## .###.###.#...
##..... ...#.#...#..
###...... ##.#.#.###.##
.........
.#.#.#.#....###.#.####..
........[_..#...#.###..#
.#.#.#.#......# #.#....#
##.#.#e###.#..# #...#...
...#.#e@.#....#######.#.
.###.###.#†.#.....###.#.
...........##.###..##<..
#############.# #.#...#
#.####.#...#
##.#.........
##..#.........
##..##.........
#....[.........


You could see Duvessa (fast) and Dowan.

Vanquished Creatures
  An orc priest (D:3)
  4 orc wizards (D:3)
  5 adders
  A worm (D:3)
  A dart slug (D:3)
  12 orcs
  5 endoplasms
  4 giant cockroaches
  8 goblins
  10 hobgoblins
  5 kobolds
  4 quokkas
  9 ball pythons
  3 bats (D:1)
  2 frilled lizards (D:1)
  2 rats
76 creatures vanquished.

Vanquished Creatures (others)
  5 plants (D:3)
5 creatures vanquished.

Grand Total: 81 creatures vanquished

Notes
Turn   | Place    | Note
-------+----------+-------------------------------------------
     0 | D:1      | porpoise the Draconian Transmuter began the quest for the
                  | Orb.
     0 | D:1      | Reached XP level 1. HP: 16/16 MP: 3/3
   264 | D:1      | Reached XP level 2. HP: 22/24 MP: 3/5
   627 | D:1      | Learned a level 2 spell: Wereblood
  1158 | D:1      | Reached XP level 3. HP: 30/30 MP: 4/6
  1657 | D:2      | Found Relao's Assorted Antiques.
  1666 | D:2      | Bought a clear potion for 23 gold pieces
  2001 | D:2      | Bought a lumpy purple potion for 23 gold pieces
  2001 | D:2      | Bought a glowing emerald potion for 23 gold pieces
  2001 | D:2      | Bought a grey potion for 23 gold pieces
  2225 | D:3      | Reached skill level 1 in Short Blades
  2239 | D:3      | Reached XP level 4. HP: 30/37 MP: 4/7
  3258 | D:3      | Found a faded altar of an unknown god.
  3322 | D:3      | Reached XP level 5. HP: 44/45 MP: 8/8
  4200 | D:4      | Found a snail-covered altar of Cheibriados.
  4212 | D:4      | Noticed Duvessa
  4215 | D:4      | Noticed Dowan
  4254 | D:4      | Slain by Dowan

Illustrated notes

Levels and vault maps discovered:
D:1:      pf_arrival_petrified_forest, layout_loops_ring,
          serial_co_window_serial, co_window_paths_a, co_window_paths_a,
          co_window_corner_a, co_window_paths_a, co_window_corner_a,
          co_window_broadway_b, co_window_broadway_c, co_window_2corner,
          co_window_2corner, glass_columns_a, glass_columns_b, glass_columns_c
D:2:      layout_basic, serial_shops, shop
D:3:      layout_loops_ring, nicolae_ecumenical_snake_handling,
          chequers_arboretum, serial_bayou_lagoon_b
D:4:      layout_rooms, mainiacjoe_overflow_large_starburst,
          minmay_temple_entry_nine_rooms, uniq_duvessa, uniq_crazy_yiuf_cottage,
          uniq_eustachio

Skill      XL: |  1  2  3  4  5 |
---------------+----------------+-----
Fighting       | 2 3 4 |  4.2
Transmutations | 3 4 |  4.3
Short Blades   | 1 2 |  2.0
Dodging        | |  1.7
Unarmed Combat | |  3.0
Spellcasting   | |  2.0

Action                   |  1- 3 |  4- 6 || total
-------------------------+-------+-------++-------
Melee: Unarmed           |    12 |       ||    12
       Kick              |    20 |     6 ||    26
       Headbutt          |     5 |     5 ||    10
       Punch             |     3 |     3 ||     6
       Dagger            |    48 |    55 ||   103
       Tailslap          |     6 |    20 ||    26
       Short sword       |    35 |     6 ||    41
       Trident           |       |    80 ||    80
 Fire: Sling             |    32 |     9 ||    41
Throw: Boomerang         |       |     1 ||     1
 Cast: Beastly Appendage |    23 |     5 ||    28
       Wereblood         |     2 |     1 ||     3
Evoke: Wand              |       |     5 ||     5
  Use: Scroll            |       |     8 ||     8
       Potion            |       |     3 ||     3
Armor: Skin              |    20 |    23 ||    43
Dodge: Dodged            |    52 |    52 ||   104
Block: Other             |     6 |    31 ||    37
       Reflection        |     1 |       ||     1

Table legend: (Time is in decaauts)
 A = Elapsed time spent in this place.
 B = Non-inter-level travel time spent in this place.
 C = Inter-level travel time spent in this place.
 D = Time resting spent in this place.
 E = Time spent auto-exploring this place.
 F = Levels seen in this place.
 G = Mean time per level.
                   A        B        C        D        E       F      G
               +--------+--------+--------+--------+--------+-----+--------+
         Total |   4269 |   4121 |    148 |   1694 |   1781 |   4 | 1067.2 |
       Dungeon |   4269 |   4121 |    148 |   1694 |   1781 |   4 | 1067.2 |
               +--------+--------+--------+--------+--------+-----+--------+

Top non-repeatable levels by time:
     D:3: 1863 daAuts
     D:1: 1453 daAuts
     D:2: 572 daAuts
     D:4: 379 daAuts
